| TOP OF THE 1ST |
|
Brooklyn Cyclones batting - Pitching for Tri-City Dust Devils : LHP Juan Lopez
|
|
Pitching: LHP Juan Lopez
|
|
|
Batting: RHB Prabhukumar Santhanakrishnan
|
0-0: Ball 1-0: Foul Ball, location: 2F 1-1: Called Strike 1-2: Strikes out swinging
|
|
Batting: LHB Matt Baker
|
0-0: Reached on error, E5 (Groundball, 56, EV 95.6 MPH)
|
|
Batting: RHB Sang-ton Pak
|
0-0: Grounds out, U3 (Groundball, 3L, EV 101.2 MPH)
|
|
Batting: RHB Bill Crogan
|
0-0: Called Strike 0-1: DOUBLE (Flyball, 89D, EV 106.2 MPH) Matt Baker scores
|
|
Batting: RHB Victor Reyes
|
0-0: Called Strike 0-1: Called Strike 0-2: Strikes out swinging
|
| Top of the 1st over - 1 run, 1 hit, 1 error, 1 left on base; Brooklyn 1 - Tri-City 0 |
| BOTTOM OF THE 1ST |
|
Tri-City Dust Devils batting - Pitching for Brooklyn Cyclones : RHP Pat Sprague
|
|
Pitching: RHP Pat Sprague
|
|
|
Batting: RHB Ben Hoffman
|
0-0: Ball 1-0: Ball 2-0: Called Strike 2-1: Foul Ball, location: 2F 2-2: Ball 3-2: Strikes out swinging
|
|
Batting: SHB Cesar Arteaga
|
0-0: Called Strike 0-1: Ball 1-1: Called Strike 1-2: Ball 2-2: Ground out 3-1 (Groundball, 34S, EV 88.1 MPH)
|
|
Batting: RHB Yuusei Narita
|
0-0: Foul Ball, location: 2F 0-1: Foul Ball, location: 2F 0-2: Ball 1-2: Ball 2-2: Ball 3-2: Foul Ball, location: 2F 3-2: Base on Balls
|
|
Batting: LHB Justin Rankin
|
0-0: Called Strike 0-1: Ball 1-1: Ball 2-1: Called Strike 2-2: Strikes out swinging
|
| Bottom of the 1st over - 0 runs, 0 hits, 0 errors, 1 left on base; Brooklyn 1 - Tri-City 0 |
| TOP OF THE 2ND |
|
Brooklyn Cyclones batting - Pitching for Tri-City Dust Devils : LHP Juan Lopez
|
|
Batting: SHB Salvador Gomez
|
0-0: Fly out, F8 (Flyball, 8RD, EV 86.2 MPH)
|
|
Batting: RHB Matt Tittle
|
0-0: Ball 1-0: Called Strike 1-1: Swinging Strike 1-2: Fly out, F6 (Line Drive, 6M, EV 75.0 MPH)
|
|
Batting: LHB Elmo Dreier
|
0-0: Foul Ball, location: 2F 0-1: Ball 1-1: Foul Ball, location: 2F 1-2: Foul Ball, location: 2F 1-2: Ball 2-2: Ball 3-2: Foul Ball, location: 2F 3-2: Ground out 4-3 (Groundball, 4, EV 89.4 MPH)
|
| Top of the 2nd over - 0 runs, 0 hits, 0 errors, 0 left on base; Brooklyn 1 - Tri-City 0 |
| BOTTOM OF THE 2ND |
|
Tri-City Dust Devils batting - Pitching for Brooklyn Cyclones : RHP Pat Sprague
|
|
Batting: RHB Andy Solorzano
|
0-0: Ball 1-0: Ball 2-0: Ball 3-0: Base on Balls
|
|
Batting: RHB Ken Hahn
|
0-0: Ball 1-0: Ball 2-0: Foul Ball, location: 2F 2-1: Fielders Choice at 2nd, 6-4 (Groundball, 6, EV 86.9 MPH)
|
|
Batting: RHB Victor Contreras
|
0-0: Called Strike 0-1: Called Strike 0-2: Strikes out looking
|
|
Batting: RHB Joel Vazquez
|
0-0: Ball 1-0: Foul Ball, location: 2F 1-1: SINGLE (Line Drive, 9S, EV 109.4 MPH) Ken Hahn to second
|
|
Batting: RHB Pleun Smit
|
0-0: Ball 1-0: Ball 2-0: Ball 3-0: Base on Balls Ken Hahn to third Joel Vazquez to second
|
|
Batting: RHB Ben Hoffman
|
0-0: Ball 1-0: Foul Ball, location: 2F 1-1: Ground out 5-3 (Groundball, 56S, EV 86.2 MPH)
|
| Bottom of the 2nd over - 0 runs, 1 hit, 0 errors, 3 left on base; Brooklyn 1 - Tri-City 0 |
| TOP OF THE 3RD |
|
Brooklyn Cyclones batting - Pitching for Tri-City Dust Devils : LHP Juan Lopez
|
|
Batting: SHB Duri Chilemba
|
0-0: Swinging Strike 0-1: Ball 1-1: Swinging Strike 1-2: Foul Ball, location: 2F 1-2: Ground out 6-3 (Groundball, 56, EV 83.1 MPH)
|
|
Batting: RHB Prabhukumar Santhanakrishnan
|
0-0: Ball 1-0: Ball 2-0: Called Strike 2-1: Swinging Strike 2-2: Ground out 5-3 (Groundball, 56, EV 105.0 MPH)
|
|
Batting: LHB Matt Baker
|
0-0: Foul Ball, location: 2F 0-1: Foul Ball, location: 2F 0-2: Strikes out swinging
|
| Top of the 3rd over - 0 runs, 0 hits, 0 errors, 0 left on base; Brooklyn 1 - Tri-City 0 |
| BOTTOM OF THE 3RD |
|
Tri-City Dust Devils batting - Pitching for Brooklyn Cyclones : RHP Pat Sprague
|
|
Batting: SHB Cesar Arteaga
|
0-0: SINGLE (Groundball, 6MD, EV 95.6 MPH)
|
|
Batting: RHB Yuusei Narita
|
0-0: Ball Cesar Arteaga is caught stealing 2nd base 2-4 1-0: Ball 2-0: SINGLE (Line Drive, 9S, EV 93.8 MPH)
|
|
Batting: LHB Justin Rankin
|
0-0: Ball 1-0: Called Strike Yuusei Narita steals 2nd, throwing error, E2 Yuusei Narita to third 1-1: Foul Ball, location: 2F 1-2: Strikes out swinging
|
|
Batting: RHB Andy Solorzano
|
0-0: Foul Ball, location: 2F 0-1: Ball 1-1: Ball 2-1: Foul Ball, location: 2F Balk! Yuusei Narita scores 2-2: Ball 3-2: Fly out, F9 (Line Drive, 9LM, EV 83.1 MPH)
|
| Bottom of the 3rd over - 1 run, 2 hits, 1 error, 0 left on base; Brooklyn 1 - Tri-City 1 |
| TOP OF THE 4TH |
|
Brooklyn Cyclones batting - Pitching for Tri-City Dust Devils : LHP Juan Lopez
|
|
Batting: RHB Sang-ton Pak
|
0-0: Foul Ball, location: 2F 0-1: Swinging Strike 0-2: DOUBLE (Groundball, 3L, EV 111.2 MPH)
|
|
Batting: RHB Bill Crogan
|
0-0: Foul Ball, location: 2F 0-1: Called Strike 0-2: Foul Ball, location: 2F 0-2: Ball 1-2: Strikes out looking
|
|
Batting: RHB Victor Reyes
|
0-0: Called Strike 0-1: Ball 1-1: Called Strike 1-2: Ball 2-2: Ball 3-2: Foul Ball, location: 2F 3-2: SINGLE (Line Drive, 8LS, EV 107.5 MPH) Sang-ton Pak to third Runner from 3rd tries for Home, SAFE, throw by CF to home
|
|
Batting: SHB Salvador Gomez
|
0-0: Fly out, F9 (Flyball, 89D, EV 85.0 MPH)
|
|
Batting: RHB Matt Tittle
|
0-0: Called Strike 0-1: SINGLE (Line Drive, 89S, EV 86.2 MPH) Victor Reyes to second Runner from 2nd tries for 3rd, SAFE, throw by RF made to third
|
|
Batting: LHB Elmo Dreier
|
0-0: SINGLE (Line Drive, 6MD, EV 96.9 MPH) Victor Reyes scores Matt Tittle to second Runner from 2nd tries for 3rd, OUT! 8-5
|
| Top of the 4th over - 2 runs, 4 hits, 0 errors, 1 left on base; Brooklyn 3 - Tri-City 1 |
| BOTTOM OF THE 4TH |
|
Tri-City Dust Devils batting - Pitching for Brooklyn Cyclones : RHP Pat Sprague
|
|
Batting: RHB Ken Hahn
|
0-0: Ball 1-0: Called Strike 1-1: Foul Ball, location: 2F 1-2: Ball 2-2: Ground out 3-1 (Groundball, 34, EV 96.2 MPH)
|
|
Batting: RHB Victor Contreras
|
0-0: Called Strike 0-1: Ball 1-1: Called Strike 1-2: Foul Ball, location: 2F 1-2: TRIPLE (Flyball, 8LXD, EV 91.9 MPH)
|
|
Batting: RHB Joel Vazquez
|
0-0: Called Strike 0-1: Foul Ball, location: 2F 0-2: Ball 1-2: Foul Ball, location: 2F 1-2: Ball 2-2: Foul Ball, location: 2F 2-2: Strikes out swinging
|
|
Batting: RHB Pleun Smit
|
0-0: Ground out 5-3 (Groundball, 15, EV 90.6 MPH)
|
| Bottom of the 4th over - 0 runs, 1 hit, 0 errors, 1 left on base; Brooklyn 3 - Tri-City 1 |
| TOP OF THE 5TH |
|
Brooklyn Cyclones batting - Pitching for Tri-City Dust Devils : LHP Juan Lopez
|
|
Batting: SHB Duri Chilemba
|
0-0: Ground out 5-3 (Groundball, 56S, EV 83.8 MPH)
|
|
Batting: RHB Prabhukumar Santhanakrishnan
|
0-0: Ball 1-0: Foul Ball, location: 2F 1-1: Ball 2-1: Ball 3-1: Swinging Strike 3-2: Strikes out swinging
|
|
Batting: LHB Matt Baker
|
0-0: Ball 1-0: Foul Ball, location: 2F 1-1: Foul Ball, location: 2F 1-2: Strikes out swinging
|
| Top of the 5th over - 0 runs, 0 hits, 0 errors, 0 left on base; Brooklyn 3 - Tri-City 1 |
| BOTTOM OF THE 5TH |
|
Tri-City Dust Devils batting - Pitching for Brooklyn Cyclones : RHP Pat Sprague
|
|
Batting: RHB Ben Hoffman
|
0-0: Ball 1-0: Swinging Strike 1-1: Swinging Strike 1-2: Strikes out swinging
|
|
Batting: SHB Cesar Arteaga
|
0-0: Ball 1-0: Called Strike 1-1: Ball 2-1: Called Strike 2-2: Ball 3-2: Strikes out swinging
|
|
Pitching: RHP Jason Jones
|
|
|
Batting: RHB Yuusei Narita
|
0-0: Called Strike 0-1: Fly out, F8 (Flyball, 8LXD, EV 101.2 MPH)
|
| Bottom of the 5th over - 0 runs, 0 hits, 0 errors, 0 left on base; Brooklyn 3 - Tri-City 1 |
| TOP OF THE 6TH |
|
Brooklyn Cyclones batting - Pitching for Tri-City Dust Devils : LHP Juan Lopez
|
|
Batting: RHB Sang-ton Pak
|
0-0: Called Strike 0-1: Ball 1-1: Foul Ball, location: 2F 1-2: Strikes out swinging
|
|
Batting: RHB Bill Crogan
|
0-0: Ball 1-0: Foul Ball, location: 2F 1-1: Called Strike 1-2: Ball 2-2: Foul Ball, location: 2F 2-2: Ball 3-2: Strikes out swinging
|
|
Batting: RHB Victor Reyes
|
0-0: Ball 1-0: Ball 2-0: Ground out U3 (Groundball, 3S, EV 71.2 MPH)
|
| Top of the 6th over - 0 runs, 0 hits, 0 errors, 0 left on base; Brooklyn 3 - Tri-City 1 |
| BOTTOM OF THE 6TH |
|
Tri-City Dust Devils batting - Pitching for Brooklyn Cyclones : RHP Jason Jones
|
|
Batting: LHB Justin Rankin
|
0-0: Ball 1-0: Foul Ball, location: 2F 1-1: Fly out, F8 (Flyball, 8RXD, EV 105.0 MPH)
|
|
Batting: RHB Andy Solorzano
|
0-0: Called Strike 0-1: DOUBLE (Flyball, 89XD, EV 94.4 MPH)
|
|
Batting: RHB Ken Hahn
|
0-0: Swinging Strike 0-1: Ball 1-1: Ground out 5-3 (Groundball, 5D, EV 85.0 MPH)
|
|
Batting: RHB Victor Contreras
|
0-0: Ball 1-0: Called Strike 1-1: Ball 2-1: Ball 3-1: Base on Balls
|
|
Pinch Runner at 2nd Bobby Gambrell:
|
|
|
Batting: RHB Joel Vazquez
|
0-0: Called Strike 0-1: Ball 1-1: Ball 2-1: Ball 3-1: Swinging Strike 3-2: Fly out, F9 (Flyball, 9LS, EV 91.2 MPH)
|
| Bottom of the 6th over - 0 runs, 1 hit, 0 errors, 2 left on base; Brooklyn 3 - Tri-City 1 |
| TOP OF THE 7TH |
|
Brooklyn Cyclones batting - Pitching for Tri-City Dust Devils : LHP Juan Lopez
|
|
Now at 1B: Terry Sutherland
|
|
|
Batting: SHB Salvador Gomez
|
0-0: Ground out 6-3 (Groundball, 6, EV 102.5 MPH)
|
|
Batting: RHB Matt Tittle
|
0-0: Ground out 5-3 (Groundball, 5, EV 84.4 MPH)
|
|
Batting: LHB Elmo Dreier
|
0-0: Ball 1-0: Called Strike 1-1: Called Strike 1-2: Fly out, F9 (Flyball, 9, EV 86.9 MPH)
|
| Top of the 7th over - 0 runs, 0 hits, 0 errors, 0 left on base; Brooklyn 3 - Tri-City 1 |
| BOTTOM OF THE 7TH |
|
Tri-City Dust Devils batting - Pitching for Brooklyn Cyclones : RHP Jason Jones
|
|
Batting: RHB Pleun Smit
|
0-0: Ball 1-0: Ground out 6-3 (Groundball, 6S, EV 82.5 MPH)
|
|
Batting: RHB Ben Hoffman
|
0-0: Ball 1-0: Foul Ball, location: 2F 1-1: Foul Ball, location: 2F 1-2: Ball 2-2: Foul Ball, location: 2F 2-2: Strikes out swinging
|
|
Batting: SHB Cesar Arteaga
|
0-0: Foul Ball, location: 2F 0-1: Called Strike 0-2: Strikes out swinging
|
| Bottom of the 7th over - 0 runs, 0 hits, 0 errors, 0 left on base; Brooklyn 3 - Tri-City 1 |
| TOP OF THE 8TH |
|
Brooklyn Cyclones batting - Pitching for Tri-City Dust Devils : LHP Juan Lopez
|
|
Batting: SHB Duri Chilemba
|
0-0: Ground out 6-3 (Groundball, 6S, EV 75.6 MPH)
|
|
Batting: RHB Prabhukumar Santhanakrishnan
|
0-0: Called Strike 0-1: Ball 1-1: Foul Ball, location: 2F 1-2: Strikes out looking
|
|
Batting: LHB Matt Baker
|
0-0: Ball 1-0: Called Strike 1-1: Ball 2-1: Ball 3-1: Base on Balls
|
|
Batting: RHB Sang-ton Pak
|
0-0: Ball Matt Baker steals 2nd, throwing error, E2 Matt Baker to third 1-0: Swinging Strike 1-1: Foul Ball, location: 2F 1-2: Foul Ball, location: 2F 1-2: Strikes out swinging
|
| Top of the 8th over - 0 runs, 0 hits, 1 error, 1 left on base; Brooklyn 3 - Tri-City 1 |
| BOTTOM OF THE 8TH |
|
Tri-City Dust Devils batting - Pitching for Brooklyn Cyclones : RHP Jason Jones
|
|
Batting: RHB Yuusei Narita
|
0-0: Called Strike 0-1: Ground out 1-3 (Groundball, 13S, EV 65.6 MPH)
|
|
Batting: LHB Justin Rankin
|
0-0: Ball 1-0: SINGLE (Groundball, 23, EV 64.4 MPH) (infield hit)
|
|
Batting: RHB Terry Sutherland
|
0-0: Ball 1-0: Called Strike 1-1: Foul Ball, location: 2F 1-2: Fielders Choice at 2nd, 6-4 (Groundball, 6, EV 89.4 MPH)
|
|
Batting: RHB Ken Hahn
|
0-0: Called Strike 0-1: Foul Ball, location: 2F 0-2: Foul Ball, location: 2F 0-2: Strikes out swinging
|
| Bottom of the 8th over - 0 runs, 1 hit, 0 errors, 1 left on base; Brooklyn 3 - Tri-City 1 |
| TOP OF THE 9TH |
|
Brooklyn Cyclones batting - Pitching for Tri-City Dust Devils : LHP Juan Lopez
|
|
Pitching: RHP Jarrod Kenny
|
|
|
Batting: RHB Bill Crogan
|
0-0: Foul Ball, location: 2F 0-1: Ground out 6-3 (Groundball, 6, EV 83.8 MPH)
|
|
Batting: RHB Victor Reyes
|
0-0: Ball 1-0: Fly out, F9 (Flyball, 9S, EV 95.6 MPH)
|
|
Batting: SHB Salvador Gomez
|
0-0: Ground out 6-3 (Groundball, 6M, EV 83.8 MPH)
|
| Top of the 9th over - 0 runs, 0 hits, 0 errors, 0 left on base; Brooklyn 3 - Tri-City 1 |
| BOTTOM OF THE 9TH |
|
Tri-City Dust Devils batting - Pitching for Brooklyn Cyclones : RHP Jason Jones
|
|
Pitching: LHP Joe Edwards
|
|
|
Batting: RHB Victor Contreras
|
0-0: Swinging Strike 0-1: Ball 1-1: Foul Ball, location: 2F 1-2: DOUBLE (Line Drive, 89M, EV 93.8 MPH) - OUT at third base trying to stretch hit.
|
|
Batting: RHB Joel Vazquez
|
0-0: Ball 1-0: Ball 2-0: Fly out, F3 (Line Drive, 34, EV 71.9 MPH)
|
|
Batting: RHB Pleun Smit
|
0-0: Called Strike 0-1: Ball 1-1: Called Strike 1-2: Ball 2-2: Foul Ball, location: 2F 2-2: Fly out, F7 (Flyball, 7, EV 88.1 MPH)
|
| Bottom of the 9th over - 0 runs, 1 hit, 0 errors, 0 left on base; Brooklyn 3 - Tri-City 1 |
|